Map: Invader LE

Players

LiquidTLO (TLO) - Winner!

  • Race: Zerg Zerg
  • League: Grandmaster

Denver

  • Race: Zerg Zerg
  • League: Master

VOD

Have the link to the VOD?

Description

Time

  • Played on: July 2, 2016, 9:50 a.m.
  • Length: 8:44
Show
View Real Time Build Order
Export as new Build Order

LiquidTLO Zerg - Winner!

Build Orders: 3 Hatch before Pool 

Get SALT Encoding   

  12  0:01  Drone  
  13  0:12  Overlord  
  13  0:17  Drone  
  14  0:31  Drone x2  
  14  0:35  Drone  
  17  0:54  Drone, Hatchery  
  17  0:57  Drone  
  18  1:19  Hatchery  
  18  1:22  Drone  
  18  1:24  Drone  
  19  1:30  Drone  
  19  1:31  Extractor  
  19  1:42  Spawning Pool  
  19  1:46  Drone  
  19  1:49  Drone  
  20  2:01  Drone  
  20  2:07  Drone  
  22  2:12  Drone  
  23  2:17  Overlord  
  24  2:22  Drone  
  24  2:27  Drone  
  25  2:31  Queen  
  25  2:32  Metabolic Boost  
  25  2:34  Queen  
  29  2:37  Zergling x2  
  29  2:40  Drone  
  29  2:42  Drone  
  32  2:45  Drone  
  32  2:47  Drone  
  34  2:55  Baneling Nest  
  33  3:01  Overlord  
  33  3:02  Drone  
  33  3:03  Drone  
  35  3:07  Overlord  
  35  3:12  Queen  
  35  3:17  Zergling x2  
  35  3:18  Drone  
  39  3:21  Zergling x2  
  40  3:29  Zergling x2  
  40  3:30  Zergling x2  
  40  3:31  Zergling x6  
  40  3:33  Zergling x2  
  46  3:36  Zergling x2  
  46  3:37  Zergling x2  
  46  3:39  Baneling x2  
  46  3:40  Baneling  
  46  3:41  Baneling  
  48  3:46  Zergling x2  
  50  3:48  Zergling x4  
  50  3:49  Zergling x2  
  50  3:52  Zergling x2  
  53  3:56  Zergling x2  
  53  3:57  Zergling x2  
  53  4:00  Zergling x2  
  52  4:02  Zergling x2  
  52  4:04  Zergling x4  
  52  4:07  Zergling x2  
  52  4:09  Zergling x2  
  56  4:12  Zergling x2  
  57  4:17  Zergling x2  
  57  4:22  Overlord  
  57  4:23  Extractor, Drone, Evolution Chamber x2  
  55  4:25  Drone  
  55  4:29  Overlord  
  56  4:33  Baneling x2  
  56  4:35  Drone  
  56  4:36  Drone  
  58  4:40  Drone  
  58  4:42  Drone  
  58  4:44  Drone  
  61  4:46  Drone  
  61  4:51  Drone x2  
  61  4:52  Drone  
  62  4:53  Zergling x2  
  62  4:56  Zergling x2  
  62  4:58  Zergling x2  
  59  5:01  Drone  
  59  5:03  Zerg Melee Weapons Level 1  
  58  5:09  Zerg Ground Armor Level 1  
  58  5:12  Zergling x4  
  60  5:15  Zergling x2  
  60  5:18  Drone  
  62  5:23  Overlord  
  62  5:24  Zergling x2  
  62  5:25  Zergling x4  
  62  5:26  Zergling x2  
  62  5:27  Zergling x2  
  67  5:28  Baneling x2  
  67  5:31  Zergling x2  
  67  5:32  Zergling x2  
  69  5:37  Drone x2  
  69  5:38  Drone x2  
  72  5:45  Lair  
  72  5:49  Roach Warren  
  71  5:52  Extractor, Drone x2  
  71  5:53  Drone  
  71  5:55  Zergling x2  
  73  5:58  Drone  
  73  6:02  Drone x2  
  76  6:07  Overlord  
  76  6:08  Extractor  
  72  6:13  Drone  
  72  6:14  Zergling x2  
  72  6:15  Zergling x8  
  76  6:22  Overlord  
  76  6:28  Overlord  
  76  6:29  Extractor x2  
  74  6:37  Overlord  
  74  6:42  Glial Reconstitution  
  74  6:45  Drone x2  
  74  6:46  Roach  
  87  6:47  Roach x8  
  87  6:50  Roach  
  97  6:54  Drone  
  97  6:55  Drone x3  
  97  6:59  Extractor x2  
  99  7:04  Infestation Pit  
  99  7:07  Roach  
  99  7:08  Roach  
  102  7:09  Roach x2  
  102  7:11  Roach  
  102  7:14  Drone x2  
  108  7:20  Drone  
  108  7:22  Drone  
  108  7:24  Drone  
  105  7:30  Zergling x2  
  102  7:41  Drone  
  102  7:43  Zergling x2  
  104  7:44  Queen  
  106  7:53  Infestor  
  106  7:56  Infestor  
  110  7:59  Drone x2  
  110  8:00  Zergling x4  
  110  8:01  Overlord  
  113  8:11  Zergling x6  
  113  8:13  Zergling x2  
  113  8:15  Overlord, Zergling x2  
  113  8:16  Ravager  
  113  8:18  Ravager  
  113  8:19  Zergling x2  
  112  8:22  Zergling x4  
  112  8:23  Zergling x6  
  112  8:26  Ravager  
Show
View Real Time Build Order
Export as new Build Order

Denver Zerg 

Build Orders: Hatch First 

Get SALT Encoding   

  12  0:01  Drone  
  13  0:13  Overlord  
  13  0:17  Drone  
  14  0:32  Drone x2  
  16  0:37  Drone  
  17  0:52  Hatchery  
  17  0:56  Drone  
  17  0:59  Drone  
  17  1:00  Extractor  
  17  1:14  Spawning Pool  
  17  1:17  Drone  
  17  1:20  Drone  
  18  1:30  Drone  
  19  1:39  Overlord  
  19  1:52  Drone  
  20  2:00  Metabolic Boost  
  20  2:01  Queen  
  20  2:04  Queen  
  20  2:05  Zergling x2  
  25  2:08  Drone  
  25  2:13  Drone  
  27  2:31  Hatchery  
  27  2:34  Drone  
  27  2:35  Drone  
  28  2:39  Zergling x2  
  28  2:42  Zergling x2  
  28  2:43  Zergling x2  
  31  2:49  Overlord  
  31  2:53  Zergling x2  
  31  2:58  Zergling x4  
  34  3:06  Queen  
  36  3:13  Zergling x6  
  36  3:14  Zergling x2  
  39  3:23  Zergling x6  
  39  3:26  Overlord  
  42  3:33  Drone x2  
  44  3:40  Roach Warren  
  43  3:49  Drone  
  43  3:50  Drone x3  
  43  3:51  Drone  
  43  3:53  Drone  
  44  4:07  Zergling x2  
  44  4:08  Zergling x10  
  47  4:20  Zergling x2  
  47  4:21  Roach x4  
  51  4:26  Roach  
  51  4:27  Roach  
  55  4:33  Overlord  
  55  4:34  Zergling x4  
  55  4:36  Zergling x2  
  58  4:42  Overlord  
  58  4:53  Zergling x10  
  58  4:54  Zergling x2  
  56  5:04  Roach x4  
  61  5:08  Drone  
  61  5:09  Drone x2  
  61  5:14  Evolution Chamber  
  63  5:18  Drone x2  
  65  5:22  Drone x2  
  65  5:26  Lair  
  67  5:29  Extractor  
  67  5:32  Drone x3  
  69  5:38  Overlord  
  69  5:40  Drone x2  
  69  5:41  Drone  
  72  5:43  Drone  
  72  5:47  Zerg Missile Weapons Level 1  
  73  5:51  Overlord, Extractor x2  
  73  5:55  Drone x2  
  73  6:04  Roach x3  
  73  6:15  Drone  
  73  6:16  Drone x7  
  73  6:17  Drone  
  79  6:22  Roach  
  81  6:27  Roach x2  
  81  6:31  Zergling x6  
  88  6:39  Spire  
  87  6:41  Overseer  
  87  6:44  Overlord  
  87  6:47  Extractor, Drone x2  
  86  6:48  Extractor, Drone  
  86  6:50  Drone  
  86  6:54  Overlord  
  89  6:58  Overlord, Drone  
  89  7:01  Overlord  
  88  7:10  Spire  
  88  7:14  Drone  
  88  7:15  Drone x9  
  95  7:21  Spire  
  93  7:29  Drone  
  87  7:30  Drone x6  
  87  7:35  Queen  
  86  7:47  Drone  
  86  7:48  Drone x4  
  86  7:50  Queen  
  86  7:51  Extractor  
  92  7:53  Queen  
  92  7:57  Overlord  
  94  8:02  Roach x2  
  94  8:03  Roach  
  93  8:13  Roach  
  93  8:14  Roach x5  
  99  8:21  Roach x3  
Tags
 
Add a new tag
Caveats
  • Supply blocks, unpowered buildings, or Contaminate may cause inaccurate times.
  • Supply counts are checked every 10 seconds.